 Dungeon Crawl Stone Soup version 0.18.1-50-g88ac8fd (webtiles) character file.

1047 magog001 the Nimble (level 8, -16/34 HPs)
             Began as a Felid Venom Mage on Mar 10, 2017.
             Blown up by Pikel (22 damage)
             ... with a wand of disintegration
             ... on level 6 of the Dungeon on Mar 11, 2017.
             The game lasted 00:55:32 (10325 turns).

magog001 the Nimble (Felid Venom Mage)             Turns: 10325, Time: 00:55:33

Health: -16/34     AC:  6    Str:  6    XL:     8   Next: 5%
Magic:  9/14       EV: 25    Int: 22    God:
Gold:   297        SH:  0    Dex: 17    Spells: 4 memorised, 4 levels left
                                        Lives:  0   Deaths: 2

rFire  . . .     SeeInvis +       - Unarmed
rCold  . . .     Gourm    .     (armour unavailable)
rNeg   . . .     Faith    .     (shield unavailable)
rPois  .         Spirit   .     (helmet unavailable)
rElec  .         Dismiss  .     (cloak unavailable)
rCorr  .         Reflect  .     (gloves unavailable)
SustAt .         Harm     .     (boots unavailable)
MR     +....                    (no amulet)
Stlth  +++++.....               x - +6 ring of intelligence
                                g - +4 ring of protection

@: lethally poisoned (-16 -> -21), quick, somewhat resistant to hostile
enchantments, quite stealthy
A: no armour, no weapons or thrown items, claws 1, fangs 3, see invisible,
carnivore 3, speed 1, shaggy fur 2, slow metabolism 1, sharp paws
a: no special abilities


You were on level 6 of the Dungeon.
You were not hungry.

You visited 1 branch of the dungeon, and saw 6 of its levels.

You collected 297 gold pieces.

Inventory:

Jewellery
 g - a +4 ring of protection (left paw)
 x - a +6 ring of intelligence (right paw)
Wands
 h - a wand of polymorph (3/24)
 n - a wand of teleportation (0/9)
 t - a wand of slowing (25/48)
Scrolls
 o - a scroll of amnesia
 q - a scroll of fear
 w - 2 scrolls of teleportation
 y - a scroll of enchant armour {unknown}
Potions
 d - a potion of berserk rage {unknown}
 f - a potion of agility {unknown}
 i - a potion of cure mutation
 l - a potion of ambrosia {unknown}
 p - 2 potions of cancellation
 r - a potion of lignification {unknown}
 s - a potion of mutation {unknown}
 u - 2 potions of haste
Books
 a - a Young Poisoner's Handbook

   Spells                             Type                      Level
   a - Sting                          Conjuration/Poison           1
   b - Cure Poison                    Poison                       2
   c - Mephitic Cloud                 Conjuration/Poison/Air       3
   d - Olgreb's Toxic Radiance        Poison                       4
   e - Venom Bolt                     Conjuration/Poison           5
 e - a Grand Grimoire

   Spells                             Type                      Level
   a - Monstrous Menagerie            Summoning                    7
   b - Summon Greater Demon           Summoning                    7
   c - Malign Gateway                 Summoning/Translocation      7
   d - Summon Horrible Things         Summoning                    8
 v - a book of Ice

   Spells                             Type                      Level
   a - Ice Form                       Ice/Transmutation            4
   b - Metabolic Englaciation         Hexes/Ice                    5
   c - Ozocubu's Refrigeration        Ice                          6
   d - Bolt of Cold                   Conjuration/Ice              6
   e - Freezing Cloud                 Conjuration/Ice/Air          6
   f - Simulacrum                     Ice/Necromancy               6
Comestibles
 b - 4 meat rations
 c - a royal jelly
 j - 3 chunks of flesh
 k - 3 beef jerkies
 m - a slice of pizza


   Skills:
 + Level 2.7 Fighting
 * Level 9.6 Dodging
 * Level 7.7 Stealth
 + Level 3.9 Unarmed Combat
 + Level 3.6 Spellcasting
 + Level 1.5 Conjurations
 + Level 0.5 Air Magic
 * Level 6.1 Poison Magic


You had 4 spell levels left.
You knew the following spells:

 Your Spells              Type           Power        Failure   Level  Hunger
a - Sting                 Conj/Pois      ###.         2%          1    None
b - Mephitic Cloud        Conj/Pois/Air  ###.....     12%         3    ###....
c - Olgreb's Toxic Radia  Pois           ####....     12%         4    ####...
d - Cure Poison           Pois           ####......   1%          2    #......


Dungeon Overview and Level Annotations

Branches:
Dungeon (6/15)
 Temple: D:4-7

Altars:
Cheibriados
Fedhas
Gozag
Kikubaaqudgha
Makhleb
Okawaru
Pakellas
Qazlal

Annotations:
D:5 magog001's ghost, novice HaAs
D:6 Pikel


Innate Abilities, Weirdness & Mutations

You cannot wear armour.
You are incapable of wielding weapons or throwing items.
You have sharp claws.
You have razor-sharp teeth.
You have supernaturally acute eyesight.
You are carnivorous and can eat meat at any time.
You cover ground quickly.
You are covered in thick fur (AC +2).
You have a slow metabolism.
Your sharp claws are effective at attacking unaware monsters.


Message History

Pikel is poisoned.
The slave is poisoned. x4; You feel sick.
Casting: Olgreb's Toxic Radiance
Confirm with . or Enter, or press ? or * to list all spells.
You are no longer poisoned.
You are poisoned.
The slave looks even sicker. x2; You feel sick.
Pikel zaps a wand.
You are blasted!
Ouch! That really hurt!
* * * LOW HITPOINT WARNING * * *
You are more poisoned.
Pikel looks even sicker.
The slave looks even sicker.
You are more poisoned.
The slave looks even sicker.
Your toxic aura wanes.
* * * LOW HITPOINT WARNING * * *
You feel sick.
* * * LOW HITPOINT WARNING * * *
You feel sick.
Pikel zaps a wand.
You are blasted!
Ouch! That really hurt!
You die...

......######....#
......#....#....+
.....<#....#....#
+######....#....# #....#....#
#....#....# +....#....# .
#....#....##### ...
#....#....@...####....
#....#........p.......
####+##....#.........Kp.....
.รท....#....+........p.......
......#....#........p.......
.....##....#....##+#####....
.....##....#....#......# ...
...........+....#......# ..
...........#....#.."...# .


You could see Pikel and 4 slaves.

Vanquished Creatures
  Grinder (D:5)
  Sigmund (D:2)
  Duvessa (D:5)
  A sky beast (D:6)
  An ice beast (D:6)
  An ogre (D:4)
  2 centaurs (D:5)
  A phantom (D:3)
  Blork the orc (D:6)
  A giant frog (D:6)
  Dowan (D:5)
  A scorpion (D:6)
  2 howler monkeys (D:4)
  A crimson imp (D:5)
  A jelly (D:6)
  A centaur skeleton (D:4)
  2 giant frog skeletons
  3 hounds
  3 orc priests
  4 orc wizards
  Natasha (thrice) (D:3)
  8 worker ants
  A hound zombie (D:5)
  18 adders
  2 gnolls (D:1)
  An adder skeleton (D:5)
  4 worms
  2 dart slugs
  3 giant geckos
  14 orcs
  11 bats
  2 giant cockroaches
  8 goblins
  9 hobgoblins
  3 jackals (D:3)
  3 quokkas
  4 ball pythons
  6 giant newts
  A jackal skeleton (D:6)
  11 kobolds
  15 rats
159 creatures vanquished.

Notes
Turn   | Place    | Note
--------------------------------------------------------------
     0 | D:1      | magog001 the Felid Venom Mage began the quest for the Orb.
     0 | D:1      | Reached XP level 1. HP: 7/7 MP: 4/4
   174 | D:1      | Reached XP level 2. HP: 11/11 MP: 3/6
   422 | D:1      | Reached skill level 3 in Dodging
   609 | D:1      | Reached XP level 3. HP: 14/14 MP: 7/7
  1555 | D:2      | Learned a level 3 spell: Mephitic Cloud
  1558 | D:2      | Learned a level 2 spell: Cure Poison
  1676 | D:2      | Reached XP level 4. HP: 10/18 MP: 4/8
  2215 | D:2      | Noticed Sigmund
  2542 | D:2      | Killed Sigmund
  2542 | D:2      | Reached skill level 1 in Fighting
  2542 | D:2      | Reached skill level 4 in Dodging
  2542 | D:2      | Reached skill level 1 in Unarmed Combat
  2542 | D:2      | Reached XP level 5. HP: 22/22 MP: 0/9
  3049 | D:3      | Noticed Natasha
  3083 | D:3      | Killed Natasha
  3083 | D:3      | Reached skill level 5 in Stealth
  3083 | D:3      | Gained mutation: You are covered in thick fur (AC +2). [Felid growth]
  3083 | D:3      | Reached XP level 6. HP: 12/25 MP: 6/10
  3120 | D:3      | Reached skill level 5 in Dodging
  3120 | D:3      | Reached skill level 1 in Conjurations
  3442 | D:3      | Found an iron altar of Okawaru.
  3918 | D:3      | Noticed Natasha
  4099 | D:3      | Killed Natasha
  4264 | D:3      | Found an ancient bone altar of Kikubaaqudgha.
  4269 | D:3      | Found a stormy altar of Qazlal.
  4275 | D:3      | Found a snail-covered altar of Cheibriados.
  4546 | D:3      | Noticed Natasha
  4556 | D:3      | Killed Natasha
  4697 | D:3      | Found a burning altar of Makhleb.
  4748 | D:3      | Found an opulent altar of Gozag.
  4943 | D:3      | Learned a level 4 spell: Olgreb's Toxic Radiance
  5626 | D:4      | Reached XP level 7. HP: 25/29 MP: 11/11
  6062 | D:4      | Reached skill level 6 in Dodging
  6711 | D:4      | Reached skill level 7 in Dodging
  6783 | D:4      | Found a blossoming altar of Fedhas.
  7108 | D:4      | Reached skill level 5 in Poison Magic
  7173 | D:5      | Entered Level 5 of the Dungeon
  7235 | D:5      | Noticed magog001's ghost (novice HaAs)
  7244 | D:5      | Noticed Duvessa
  7245 | D:5      | Noticed Dowan
  7453 | D:5      | Noticed Grinder
  7464 | D:5      | Killed from afar by Grinder
  7465 | D:5      | Reached XP level 6. HP: -3/26 MP: 11/11
  7783 | D:4      | Reached XP level 7. HP: 23/30 MP: 12/12
  8240 | D:4      | Reached skill level 8 in Dodging
  8611 | D:5      | Learned a level 2 spell: Cure Poison
  8791 | D:5      | Killed Duvessa
  8810 | D:5      | Killed Dowan
  8810 | D:5      | Reached XP level 8. HP: 25/34 MP: 1/13
  9060 | D:5      | HP: 1/34 [centaur (8)]
  9087 | D:5      | Killed Grinder
  9087 | D:5      | Reached skill level 9 in Dodging
 10139 | D:6      | Noticed Blork the orc
 10174 | D:6      | Killed from afar by Blork the orc
 10175 | D:6      | Reached XP level 7. HP: 0/30 MP: 9/13
 10179 | D:6      | Killed Blork the orc
 10190 | D:6      | Found an oddly glowing altar of Pakellas.
 10283 | D:6      | Reached XP level 8. HP: 27/34 MP: 14/14
 10316 | D:6      | Noticed Pikel
 10325 | D:6      | Blown up by Pikel

Skill      XL: |  1  2  3  4  5  6  7  8 |
---------------+-------------------------+-----
Poison Magic   | 4 6 |  6.1
Dodging        | 3 4 5 8 9 |  9.6
Stealth        | 3 4 5 7 |  7.7
Fighting       | 1 2 |  2.7
Unarmed Combat | 1 2 3 |  3.9
Conjurations   | 1 |  1.5
Spellcasting   | 3 |  3.6
Air Magic      | |  0.5

Action                   |  1- 3 |  4- 6 |  7- 9 || total
-------------------------+-------+-------+-------++-------
Melee: Unarmed           |   105 |   334 |   400 ||   839
       Bite              |     8 |    24 |    39 ||    71
       Punch             |       |     1 |     2 ||     3
 Cast: Sting             |    28 |    47 |    20 ||    95
       Mephitic Cloud    |     3 |     7 |     1 ||    11
       Olgreb's Toxic Ra |       |       |     8 ||     8
       Cure Poison       |       |       |     6 ||     6
Evoke: Wand              |       |     1 |       ||     1
  Use: Scroll            |     4 |     6 |     6 ||    16
       Potion            |       |     2 |     8 ||    10
 Stab: Sleeping          |     7 |    14 |     9 ||    30
       Confused          |     1 |     1 |       ||     2
       Distracted        |       |     1 |       ||     1
  Eat: Chunk             |     8 |    13 |    12 ||    33
Armor: Skin              |    23 |    51 |    49 ||   123
Dodge: Dodged            |   110 |   352 |   368 ||   830
